AoeStats
← Silkor

QS Arena

503135503Analyzed
1v1 RM · 1mo ago on Aug 30, 2026· 48m 1s· 2 players
Game mode
Random Map
Map size
Tiny (2 player)
Population
200
Speed
Normal
Resources
Standard
Victory
Conquest
Starting age
Dark Age
Ending age
Imperial Age
RankedLock teamsTeams togetherTeam positionsShared explorationLock speedFull tech treeHidden civsTurbo modeCheats
Victory
Defeat
🇺🇸 Khmer · United States
979
+15
🇫🇷 Teutons · France
965
-15
Silkor
10:01 Feudal Age
11:21 Double-Bit Axe
13:48 Castle Age
11:48 Horse Collar
14:08 Wheelbarrow
18:46 Scale Barding Armor
25:58 Imperial Age
24:03 Town Watch
25:10 Town Patrol
25:39 Padded Archer Armor
25:30 Fletching
25:41 Pikeman
27:14 Heavy Plow
28:04 Bow Saw
28:31 Leather Archer Armor
28:32 Cavalier
29:14 Elite Skirmisher
29:54 Halberdier
33:22 Chemistry
32:43 Ballistics
33:07 Paladin
35:56 Hand Cart
38:03 Forging
40:12 Chain Barding Armor
40:23 Ring Archer Armor
39:48 Bodkin Arrow
44:11 Plate Barding Armor
43:36 Heavy Scorpion
46:56 Onager
吃到Monkey
7:17 Feudal Age
7:59 Horse Collar
12:55 Castle Age
11:14 Double-Bit Axe
14:53 Stone Mining
15:22 Fervor
21:58 Gold Mining
23:10 Wheelbarrow
23:50 Bow Saw
25:16 Heavy Plow
30:25 Imperial Age
29:52 Husbandry
30:03 Bloodlines
30:36 Gold Shaft Mining
30:36 Stone Shaft Mining
30:45 Ballistics
32:11 Chemistry
31:35 Hand Cart
31:13 Town Watch
31:15 Cavalier
32:16 Heavy Scorpion
34:02 Double Crossbow
37:30 Crop Rotation
37:03 Town Patrol
37:14 Scale Barding Armor
37:21 Forging
37:36 Conscription
37:24 Murder Holes
37:40 Masonry
40:35 Chain Barding Armor
40:52 Iron Casting
45:28 Plate Barding Armor
45:54 Blast Furnace
45:50 Architecture
46:36 Conscription
46:57 Loom
Connection lost

Rejoining the realm…

Still unreachable

The connection could not be restored.

Session expired

The server has moved on; the page needs a fresh start.